 Dungeon Crawl Stone Soup version 0.24-a0-415-g6d73c25c48 (webtiles) character file.

Game seed: 1815167299170439650

58 Peloso the Shield-Bearer (level 3, -1/33 HPs)
             Began as a Minotaur Fighter on June 8, 2019.
             Slain by a jackal (3 damage)
             ... on level 2 of the Dungeon.
             The game lasted 00:02:00 (802 turns).

Peloso the Shield-Bearer (Minotaur Fighter)          Turns: 802, Time: 00:02:00

Health: -1/33      AC:  8    Str: 20    XL:     3   Next: 76%
Magic:  2/2        EV:  7    Int:  5    God:
Gold:   41         SH:  9    Dex: 10    Spells: 2/2 levels left

rFire    . . .     SeeInvis .   a - +0 long sword
rCold    . . .     Gourm    .   c - +0 shield
rNeg     . . .     Faith    +   b - +0 scale mail
rPois    .         Spirit   .   (helmet restricted)
rElec    .         Reflect  .   k - +0 cloak
rCorr    .         Harm     .   (no gloves)
MR       .....                  (no boots)
Stlth    ..........             e - amulet of faith
HPRegen  0.11/turn              (no ring)
MPRegen  0.08/turn              (no ring)

@: no status effects
A: retaliatory headbutt, horns 2
a: no special abilities


You were on level 2 of the Dungeon.
You were not hungry.

You visited 1 branch of the dungeon, and saw 2 of its levels.

You collected 41 gold pieces.

Inventory:

Hand Weapons
 a - a +0 long sword (weapon)
Armour
 b - a +0 scale mail (worn)
 c - a +0 shield (worn)
 k - a +0 cloak (worn)
Jewellery
 e - an amulet of faith (around neck)
Scrolls
 i - 3 scrolls of enchant armour {unknown}
 j - a scroll of enchant weapon {unknown}
 l - 2 scrolls of blinking {unknown}
 m - a scroll of identify {unknown}
 n - a scroll of amnesia {unknown}
Potions
 d - a potion of might
 g - 2 potions of curing {unknown}
 h - a potion of agility {unknown}
 o - a potion of mutation {unknown}
Comestibles
 f - a ration


   Skills:
 + Level 4.2 Fighting
 + Level 2.7 Long Blades
 + Level 4.3 Armour
 + Level 0.3 Dodging
 + Level 4.5 Shields


You had 2 spell levels left.
You didn't know any spells.
Your spell library was empty.

Dungeon Overview and Level Annotations

Branches:
Dungeon (2/15)

Altars:


Innate Abilities, Weirdness & Mutations

You reflexively headbutt those who attack you in melee.
You have a pair of horns on your head.


Message History

2 jackals come into view.
The jackal barks! x3
The jackal bites you but does no damage.
You closely miss the jackal. The jackal barely misses you.
You riposte.
You slash the jackal!
You kill the jackal!
You block the jackal's attack. The orc hits you but does no damage.
You block the jackal's attack.
The jackal bites you but does no damage.
A jackal comes into view.
Found a stone staircase leading down.
The jackal barks!
The jackal bites you.
* * * LOW HITPOINT WARNING * * *
You block the jackal's attack. The jackal bites you.
* * * LOW HITPOINT WARNING * * *
The jackal barely misses you.
The jackal bites you but does no damage.
The jackal bites you.
You die...

................ ..#..
..#.##.†######## ## #.#.#
#.#..>.........< #..#.#.#
>###.#...#####.
#..#.#.####.###...........
###..#.......h#..†..........
..............o......†..<.......
..............hh.....#..........
###...##.#....oh@................
.......#.#....hhh..##...........#
.......#..............###........
...................#...##..#.....
#.###............#...###.#.#...
#.###..#.............###.#.#...
###......#...†.....#.....#.#.#...
#....###...........#....##.#.#.##
..#..........[.....#.....#...#.#


You could see 2 orcs and 7 jackals.

Vanquished Creatures
  2 adders (D:2)
  An ooze (D:2)
  4 leopard geckos
  3 orcs (D:2)
  A ball python (D:1)
  A giant cockroach (D:1)
  2 goblins (D:1)
  3 hobgoblins
  A jackal (D:2)
  2 kobolds
  2 quokkas (D:2)
  2 bats
  3 frilled lizards
  A rat (D:1)
28 creatures vanquished.

Notes
Turn   | Place    | Note
-------+----------+-------------------------------------------
     0 | D:1      | Peloso the Minotaur Fighter began the quest for the Orb.
     0 | D:1      | Reached XP level 1. HP: 19/19 MP: 0/0
   193 | D:1      | Reached XP level 2. HP: 26/27 MP: 1/1
   627 | D:2      | Reached XP level 3. HP: 15/33 MP: 2/2
   802 | D:2      | Slain by a jackal

Levels and vault maps discovered:
D:1:      tarquinn_simple_flora_water_b, layout_loops_ring
D:2:      layout_rooms, serial_co_window_serial, co_window_paths_a,
          co_window_corner_a, co_window_corner_a, co_window_of_opportunity_a,
          co_window_paths_a, co_window_corner_cb, co_window_corner_b,
          co_window_cross_2, glass_columns_a, first_ration

Skill      XL: |  1  2 |
---------------+-------+-----
Shields        | 4 |  4.5
Armour         | 4 |  4.3
Fighting       | 4 |  4.2
Long Blades    | |  2.7
Dodging        | |  0.3

Action                   || total
-------------------------++-------
Melee: Long sword        ||    56
       Headbutt          ||    12
Armor: Scale mail        ||    42
Dodge: Dodged            ||    22
Block: Shield            ||    40
       Rpst.: Long sword ||     7

Table legend:
 A = Non-vault XP
 B = Vault XP
 C = Vault XP percentage of total XP
 D = Non-vault monster count
 E = Vault monster count
 F = Vault count percentage of total count
                 A         B        C        D         E       F
            +---------+---------+-------+---------+---------+-------
      Total |      84 |       0 |   0.0 |      28 |       0 |   0.0
            +---------+---------+-------+---------+---------+-------
        D:1 |      21 |       0 |   0.0 |      12 |       0 |   0.0
        D:2 |      63 |       0 |   0.0 |      16 |       0 |   0.0
            +---------+---------+-------+---------+---------+-------
